 Dungeon Crawl Stone Soup version 0.31-a0-626-g8143ab4f1d (webtiles) character file.

Game seed: 14038894144763588380

246 Maratek the Chopper (level 6, -3/53 HPs)
             Began as a Hill Orc Fighter on Aug 24, 2023.
             Succumbed to Eustachio's poison
             ... on level 4 of the Dungeon.
             The game lasted 00:04:42 (2955 turns).

Maratek the Chopper (Hill Orc Fighter)              Turns: 2955, Time: 00:04:43

Health: -3/53      AC: 10    Str: 21    XL:     6   Next: 11%
Magic:  6/6        EV:  9    Int:  8    God:
Gold:   191        SH:  4    Dex: 10    Spells: 5/5 levels left

rFire   . . .        f - +0 broad axe
rCold   . . .        c - +0 buckler
rNeg    . . .        b - +0 scale mail
rPois   .            r - +0 helmet
rElec   .            e - +0 cloak
rCorr   .            i - +0 pair of gloves
SInv    +            (no boots)
Will    .....        (no amulet) Stlth
                     n - ring of see invisible
HPRegen 0.28/turn    (no ring)
MPRegen 0.10/turn

%: no passive effects
@: mighty, lethally poisoned (-3 -> -19)
A: no striking features
a: no special abilities


You were on level 4 of the Dungeon.
You visited 2 branches of the dungeon, and saw 5 of its levels.

You collected 191 gold pieces.

Inventory:

Hand Weapons
 f - a +0 broad axe (weapon)
Armour
 b - a +0 scale mail (worn)
 c - a +0 buckler (worn)
 e - a +0 cloak (worn)
 i - a +0 pair of gloves (worn)
 r - a +0 helmet (worn)
Jewellery
 n - a ring of see invisible (left hand)
Scrolls
 g - 3 scrolls of identify {unknown}
 m - 4 scrolls of immolation {unknown}
 o - a scroll of teleportation {unknown}
 p - 2 scrolls of enchant armour {unknown}
Potions
 a - 3 potions of attraction {unknown}
 d - a potion of might
 h - 2 potions of enlightenment {unknown}
 j - a potion of heal wounds {unknown}
 k - a potion of mutation {unknown}
 l - 2 potions of curing {unknown}
 q - a potion of invisibility {unknown}
 s - a potion of haste {unknown}
 t - a potion of lignification {unknown}


   Skills:
 + Level 4.4 Fighting
 + Level 6.1 Axes
 + Level 4.1 Armour
 + Level 0.9 Dodging
 + Level 0.8 Stealth
 + Level 3.7 Shields


You had 5 spell levels left.
You didn't know any spells.
Your spell library was empty.

Dungeon Overview and Level Annotations

Branches:
Dungeon (4/15)             Temple (1/1) D:4

Altars:
Ashenzari
Cheibriados
Dithmenos
Elyvilon
Kikubaaqudgha
Makhleb
Okawaru
Qazlal
Ru
Sif Muna
Trog
Uskayaw
Wu Jian
Xom

Shops:
D:3 [

Annotations:
D:4 Eustachio


Message History

Eustachio is lightly wounded.
You hit the rat.
You kill the rat!
The rat's corpse disappears in a puff of smoke!
You feel sick. The bat hits you but does no damage.
Eustachio zaps a wand.
You resist with some effort.
You barely miss Eustachio.
Eustachio is lightly wounded.
You feel sick. The bat hits you but does no damage. The bat hits you.
Eustachio hits you with a +0 rapier of venom.
You are more poisoned.
Eustachio hits you with a +0 rapier of venom!
You hit Eustachio but do no damage.
Eustachio is lightly wounded.
You feel very sick. The bat closely misses you.
The bat hits you but does no damage.
Eustachio hits you with a +0 rapier of venom.
You are more poisoned.
You closely miss Eustachio.
Eustachio is lightly wounded.
You slash the bat!
You kill the bat!
The bat's corpse disappears in a puff of smoke!
You feel very sick.
Eustachio hits you with a +0 rapier of venom.
You are lethally poisoned!
A ball python comes into view.
You feel very mighty all of a sudden.
You feel extremely sick.
The ball python hisses angrily.
Eustachio hits you with a +0 rapier of venom!
* * * LOW HITPOINT WARNING * * *
You barely miss Eustachio.
Eustachio is lightly wounded.
* * * LOW HITPOINT WARNING * * *
You feel extremely sick. Eustachio hits you but does no damage.
You closely miss Eustachio.
Eustachio is lightly wounded.
You die...

##.# #.# ##.######.# #.#
........#.# #.#
##.####(#.# #.# ##.#
#.#.# #S#
.#.####.#.######.#
.#...............#######
.#..##....######@.(.....
##..#.#.#.######@######
#......................
##.#.#.#.##############
###.##...## ........##
#########


You could see Eustachio and a ball python.

Vanquished Creatures
  A hound (D:4)
  A sleepcap (D:4)
  Terence (D:3)
  An iguana (D:4)
  A gnoll (D:4)
  4 adders
  A river rat (D:3)
  A worm (D:3)
  2 dart slugs
  4 orcs (D:4)
  8 bats
  7 endoplasms
  4 giant cockroaches
  7 goblins
  6 hobgoblins
  8 quokkas
  5 ball pythons
  4 frilled lizards (D:2)
  5 kobolds
  4 rats
75 creatures vanquished.

Notes
Turn   | Place    | Note
-------+----------+-------------------------------------------
     0 | D:1      | Maratek the Hill Orc Fighter began the quest for the Orb.
     0 | D:1      | Reached XP level 1. HP: 19/19 MP: 1/1
   168 | D:1      | Reached XP level 2. HP: 24/27 MP: 2/2
   443 | D:1      | Found a faded altar of an unknown god.
   674 | D:1      | Reached skill level 3 in Axes
   954 | D:2      | Reached XP level 3. HP: 29/33 MP: 3/3
  1390 | D:2      | Identified the +10 short sword "Sikutiwk" {drain, Str+3}
  1506 | D:3      | Reached skill level 4 in Axes
  1534 | D:3      | Reached XP level 4. HP: 40/40 MP: 4/4
  1735 | D:3      | Found Darrued's Antique Armour Emporium.
  1965 | D:3      | Noticed Terence
  1979 | D:3      | Killed Terence
  2438 | D:3      | Reached skill level 5 in Axes
  2438 | D:3      | Reached XP level 5. HP: 37/46 MP: 5/5
  2702 | D:4      | Reached skill level 6 in Axes
  2702 | D:4      | Reached XP level 6. HP: 46/53 MP: 6/6
  2740 | D:4      | Found a staircase to the Ecumenical Temple.
  2767 | Temple   | Entered the Ecumenical Temple
  2933 | D:4      | Noticed Eustachio
  2954 | D:4      | HP: 1/53 [poisoned by Eustachio]
  2955 | D:4      | Succumbed to Eustachio's poison

Illustrated notes

Levels and vault maps discovered:
D:1:      sevenhm_arrival_forest_fort_large_2, layout_basic,
          dreamdust_ecumenical_altar_grove
D:2:      layout_loops_cross
D:3:      layout_basic, serial_shops, shop_fountains, gup_sewer_entry_bubbles,
          grunt_decor_one_mirror, uniq_terence
D:4:      cheibrodos_barr_body, layout_loops_ring,
          minmay_overflow_temple_star_quad, mainiacjoe_overflow_six_doors_small,
          minmay_temple_entry_statues_fountains, uniq_eustachio, uniq_duvessa
Temple:   minmay_temple_curvy_branch

Skill      XL: |  1  2  3  4  5 |
---------------+----------------+-----
Axes           | 3 4 5 6 |  6.1
Fighting       | 4 |  4.4
Armour         | 4 |  4.1
Dodging        | |  0.9
Stealth        | |  0.8
Shields        | |  3.7

Action                     |  1- 3 |  4- 6 || total
---------------------------+-------+-------++-------
  Melee: War axe           |    14 |       ||    14
         Broad axe         |    93 |   147 ||   240
    Use: Potion            |       |     1 ||     1
 Armour: Scale mail        |    55 |    66 ||   121
  Dodge: Dodged            |    53 |    63 ||   116
  Block: Buckler           |    30 |    26 ||    56

Table legend: (Time is in decaauts)
 A = Elapsed time spent in this place.
 B = Non-inter-level travel time spent in this place.
 C = Inter-level travel time spent in this place.
 D = Time resting spent in this place.
 E = Time spent auto-exploring this place.
 F = Levels seen in this place.
 G = Mean time per level.
                   A        B        C        D        E       F      G
               +--------+--------+--------+--------+--------+-----+--------+
         Total |   3085 |   2936 |    149 |      0 |   2145 |   5 |  617.0 |
       Dungeon |   2954 |   2815 |    139 |      0 |   2145 |   4 |  738.5 |
        Temple |    131 |    121 |     10 |      0 |      0 |   1 |  131.0 |
               +--------+--------+--------+--------+--------+-----+--------+

Top non-repeatable levels by time:
     D:3: 1108 daAuts
     D:1: 812 daAuts
     D:2: 721 daAuts
     D:4: 311 daAuts
  Temple: 131 daAuts
